 Dungeon Crawl Stone Soup version 0.23.2-1-ga50397a6bc (webtiles) character file.

Game seed: 16006695225601173632

47 Norn the Magician (level 3, 0/23 HPs)
             Began as an Octopode Wizard on May 4, 2019.
             Slain by an iguana (15 damage)
             ... on level 2 of the Dungeon.
             The game lasted 00:03:07 (1412 turns).

Norn the Magician (Octopode Wizard)                 Turns: 1412, Time: 00:03:07

Health: 0/23       AC:  1    Str:  6    XL:     3   Next: 70%
Magic:  0/7        EV: 13    Int: 21    God:
Gold:   104        SH:  0    Dex: 10    Spells: 7/8 levels left

rFire    . . .     SeeInvis .   j - +2 dagger (venom)
rCold    . . .     Gourm    .   (no shield)
rNeg     . . .     Faith    .   a - +0 hat
rPois    .         Spirit   .   (no amulet)
rElec    .         Reflect  .   (no ring)
rCorr    .         Harm     .   (no ring)
MR       .....                  (no ring)
Stlth    +++.......             (no ring)
HPRegen  0.07/turn              (no ring)
MPRegen  0.10/turn              (no ring)
                                (no ring)
                                (no ring)

@: no status effects
A: almost no armour, stealthy swim, amphibious, 8 rings, constrict 8, camouflage
1, gelatinous body 1
a: no special abilities


You were on level 2 of the Dungeon.
You were not hungry.

You visited 1 branch of the dungeon, and saw 2 of its levels.

You collected 104 gold pieces.

Inventory:

Hand Weapons
 j - a +2 dagger of venom (weapon)
   (You found it on level 1 of the Dungeon)
Armour
 a - a +0 hat (worn)
Jewellery
 i - an uncursed amulet of the gourmand {unknown}
   (You found it on level 1 of the Dungeon)
Scrolls
 b - 2 scrolls of teleportation {unknown}
 c - 2 scrolls of amnesia {unknown}
 h - 2 scrolls of identify {unknown}
 l - a scroll of enchant armour {unknown}
 n - 2 scrolls of remove curse {unknown}
 p - a scroll of random uselessness {unknown}
Potions
 d - 2 potions of heal wounds {unknown}
 f - a potion of degeneration {unknown}
 g - 2 potions of flight {unknown}
 k - a potion of mutation {unknown}
 m - a potion of might {unknown}
 o - 3 potions of haste {unknown}
Comestibles
 e - a ration {!d}


   Skills:
 + Level 1.3 Fighting
 - Level 2.0 Dodging
 - Level 2.6 Stealth
 + Level 3.3 Spellcasting
 * Level 2.5 Conjurations
   Level 1.0 Summonings
   Level 1.0 Translocations


You had 7 spell levels left.
You knew the following spells:

 Your Spells              Type           Power        Failure   Level  Hunger
a - Magic Dart            Conj           ##..         4%          1    None

Your spell library contained the following spells:

 Spells                   Type           Power        Failure   Level  Hunger
 Blink                    Tloc           N/A          13%         2    ##.....
 Call Imp                 Summ           #.......     13%         2    ##.....
 Slow                     Hex            #.......     19%         2    ##.....
 Conjure Flame            Conj/Fire      #.......     22%         3    ###....
 Mephitic Cloud           Conj/Pois/Air  #.......     26%         3    ###....


Dungeon Overview and Level Annotations

Branches:
Dungeon (2/15)

Altars:
Dithmenos


Innate Abilities, Weirdness & Mutations

You cannot wear most types of armour.
You are very stealthy in the water. (Stealth+)
You are amphibious.
You can wear up to eight rings at the same time.
You can use your tentacles to constrict eight enemies at once.
Your skin changes colour to match your surroundings (Stealth+).
Your rubbery body absorbs attacks. (AC +1, EV +1)


Message History

The magic dart hits the hobgoblin.
You kill the hobgoblin!
You can't see any susceptible monsters within range! (Use Z to cast anyway.)
n - 2 scrolls labeled YGERROXUSI (gained 1)
Found a stone staircase leading down.
Found a pair of glowing gloves.
You see here a robe.
You see here a robe.
Found a scale mail.
Found a puce potion.
Found 24 sling bullets.
A bat comes into view.
A bat is nearby!
A bat is nearby!
Aim: a bat (resting)
The magic dart hits the bat but does no damage.
Aim: a bat The magic dart hits the bat.
You kill the bat!
You can't see any susceptible monsters within range! (Use Z to cast anyway.)
Found a stone staircase leading down.
o - 3 puce potions (gained 1)
An iguana comes into view.
An iguana is nearby!
An iguana is nearby!
Aim: an iguana (resting)
The magic dart hits the iguana.
The iguana hisses angrily.
Aim: an iguana (lightly wounded)
The magic dart hits the iguana but does no damage.
Aim: an iguana (lightly wounded)
The magic dart hits the iguana.
Aim: an iguana (moderately wounded)
The magic dart hits the iguana but does no damage.
Aim: an iguana (moderately wounded)
The magic dart hits the iguana.
Aim: an iguana (heavily wounded)
The magic dart hits the iguana but does no damage.
Aim: an iguana (heavily wounded)
The magic dart hits the iguana but does no damage.
The iguana bites you!
You don't have enough magic to cast that spell.
You closely miss the iguana. You grab the iguana.
You constrict the iguana, but do no damage.
The iguana bites you.
You hit the iguana.
The iguana is poisoned.
You constrict the iguana, but do no damage.
The iguana bites you!
Ouch! That really hurt!
You die...

#..........######......
###......................
#.............#####......
#############...###......
#...####.....[....
#.#.>##...........
#.#.....#####.....
#######.#.###...###....[
......l@..# ##..........
.######.#######[........
#.# #[.....#..... #.#
#.####.#..... #.#
#.####.#..... #.#
##.##...#...#. .
####.###..#..###...#.
.###....##.....## ##..#.
#..##.#...#...########.#.


You could see an iguana.

Vanquished Creatures
  An adder (D:2)
  An ooze (D:2)
  3 dart slugs (D:1)
  2 leopard geckos (D:1)
  3 bats (D:2)
  2 giant cockroaches (D:1)
  4 goblins (D:1)
  2 hobgoblins
  A frilled lizard (D:1)
  5 kobolds
  3 rats
27 creatures vanquished.

Notes
Turn   | Place    | Note
-------+----------+-------------------------------------------
     0 | D:1      | Norn the Octopode Wizard began the quest for the Orb.
     0 | D:1      | Reached XP level 1. HP: 11/11 MP: 4/4
    79 | D:1      | Reached XP level 2. HP: 15/18 MP: 1/6
   470 | D:1      | Reached skill level 1 in Fighting
   554 | D:1      | Reached XP level 3. HP: 23/23 MP: 0/7
   988 | D:2      | Found a shadowy altar of Dithmenos.
  1412 | D:2      | Slain by an iguana

Skill      XL: |  1  2 |
---------------+-------+-----
Fighting       | 1 |  1.3
Conjurations   | 2 |  2.5
Dodging        | |  2.0
Stealth        | |  2.6
Spellcasting   | |  3.3
Summonings     | |  1.0
Translocations | |  1.0

Action                   || total
-------------------------++-------
Melee: Unarmed           ||    12
       Constrict         ||     4
       Tentacles         ||     2
       Dagger            ||     2
 Cast: Magic Dart        ||    71
  Eat: Chunk             ||     1
Armor: Skin              ||     2
Dodge: Dodged            ||    17
